 Dungeon Crawl Stone Soup version 0.21.0 (webtiles) character file.

27 Leibowitz the Cutter (level 3, -4/21 HPs)
             Began as a Kobold Gladiator on Jan 7, 2018.
             Was an Initiate of Okawaru.
             Killed from afar by Sigmund (6 damage)
             ... with a puff of flame
             ... on level 2 of the Dungeon.
             The game lasted 00:03:13 (1066 turns).

Leibowitz the Cutter (Kobold Gladiator)             Turns: 1066, Time: 00:03:14

Health: -4/21      AC:  5    Str: 11    XL:     3   Next: 25%
Magic:  3/3        EV: 16    Int:  9    God:    Okawaru [......]
Gold:   29         SH:  0    Dex: 17    Spells: 2/2 levels left

rFire    . . .     SeeInvis .   a - +0 rapier
rCold    . . .     Gourm    .   (shield restricted)
rNeg     . . .     Faith    .   b - +0 leather armour
rPois    .         Spirit   .   c - +0 helmet
rElec    .         Reflect  .   (no cloak)
rCorr    .         Harm     .   (no gloves)
MR       .....                  k - +0 pair of boots
Stlth    ++........             (no amulet)
HPRegen  0.07/turn              (no ring)
MPRegen  0.08/turn              (no ring)

@: no status effects
A: small, carnivore
a: Renounce Religion


You were on level 2 of the Dungeon.
You worshipped Okawaru.
Okawaru was noncommittal.
You were very full.

You visited 1 branch of the dungeon, and saw 2 of its levels.

You collected 29 gold pieces.

Inventory:

Hand Weapons
 a - a +0 rapier (weapon)
Armour
 b - a +0 leather armour (worn)
 c - a +0 helmet (worn)
 k - a +0 pair of boots (worn)
Scrolls
 e - 2 scrolls of enchant armour {unknown}
 g - a scroll of random uselessness {unknown}
 i - 3 scrolls of amnesia {unknown}
 l - a scroll of fog {unknown}
 m - a scroll of identify {unknown}
Potions
 h - 2 potions of curing {unknown}
 j - 2 potions of lignification {unknown}
 n - a potion of magic {unknown}
Comestibles
 f - 2 rations


   Skills:
 * Level 2.2 Fighting
 * Level 4.8 Short Blades
 - Level 2.1 Throwing
 + Level 0.5 Armour
 * Level 4.0 Dodging
 * Level 1.3 Stealth


You had 2 spell levels left.
You didn't know any spells.

Dungeon Overview and Level Annotations

Branches:
Dungeon (2/15)

Altars:
Kikubaaqudgha
Okawaru
Trog

Annotations:
D:2 Sigmund


Innate Abilities, Weirdness & Mutations

You are small and have problems with some larger weapons.
You are carnivorous and can eat meat at any time.


Message History

Sigmund is severely wounded.
Sigmund hits you with a scythe!
Ouch! That really hurt!
* * * LOW HITPOINT WARNING * * *
Throwing (i - inventory):
d - 2 throwing nets (quivered)
Press: ? - help, Shift-Dir - straight line, f/p - Sigmund
Aim: Sigmund, wielding a scythe and wearing a robe (severely wounded)
You throw a throwing net. The throwing net barely misses Sigmund.
Throwing (i - inventory):
d - a throwing net (quivered)
Press: ? - help, Shift-Dir - straight line, f/p - Sigmund
Aim: Sigmund, wielding a scythe and wearing a robe (severely wounded)
You throw a throwing net. The throwing net hits Sigmund.
Sigmund is caught in the net!
Sigmund is severely wounded.
Sigmund struggles against the net.
You barely miss Sigmund.
Sigmund is severely wounded.
Sigmund casts a spell at you. The puff of flame hits you!
You die...

...#.# # #..#.#
.###.####..#(#
.$.>...?......
..........#.#
..##@####.##.#
..........##.##########
#>#.##@...............
#.#.#@.##..#..##..#### #
#.#...##..###..##..###
###.###.#..###..#
#..###.##. ...........#
#.#####.# #.##.
#.###..##.######8######.##.
#..##.##8_.._.._8##.##)
#..##..##≈.....≈##..##.
#.###..##≈≈.).≈≈##..##.
#.###.####..##≈≈.≈≈##..###.


You could see Sigmund (caught).

Vanquished Creatures
  4 bats (D:1)
  4 giant cockroaches
  5 goblins
  5 hobgoblins (D:1)
  3 frilled lizards (D:1)
  2 kobolds (D:1)
  3 rats (D:1)
26 creatures vanquished.

Notes
Turn   | Place    | Note
-------+----------+-------------------------------------------
     0 | D:1      | Leibowitz the Kobold Gladiator began the quest for the Orb.
     0 | D:1      | Reached XP level 1. HP: 12/12 MP: 1/1
   278 | D:1      | Reached XP level 2. HP: 17/17 MP: 2/2
   347 | D:1      | Reached skill level 1 in Stealth
   611 | D:1      | Reached XP level 3. HP: 21/21 MP: 3/3
   952 | D:2      | Found a bloodstained altar of Trog.
   952 | D:2      | Found an iron altar of Okawaru.
   952 | D:2      | Found an ancient bone altar of Kikubaaqudgha.
   982 | D:2      | Became a worshipper of Warmaster Okawaru
  1050 | D:2      | Noticed Sigmund
  1066 | D:2      | Killed from afar by Sigmund

Skill      XL: |  1  2  3 |
---------------+----------+-----
Stealth        | 1 |  1.3
Dodging        | 4 |  4.0
Fighting       | |  2.2
Short Blades   | |  4.8
Throwing       | |  2.1
Armour         | |  0.5

Action                   || total
-------------------------++-------
Melee: Rapier            ||    77
Throw: Throwing net      ||     3
 Stab: Sleeping          ||     1
  Eat: Chunk             ||     8
Armor: Leather armour    ||    20
Dodge: Dodged            ||    65
